 Dungeon Crawl Stone Soup version 0.29.0-11-gd7f09526c8 (webtiles) character file.

Game seed: 16685551704345023397

103 NinjaNoafa the Gusty (level 4, -2/33 HPs)
             Began as a Draconian Air Elementalist on Sept 6, 2022.
             Slain by a gnoll
             ... wielding a +0 flail
              (7 damage)
             ... on level 2 of the Dungeon.
             The game lasted 00:06:33 (1797 turns).

NinjaNoafa the Gusty (Draconian Air Elementalist)   Turns: 1797, Time: 00:06:33

Health: -2/33      AC:  6    Str: 11    XL:     4   Next: 51%
Magic:  1/8        EV: 12    Int: 17    God:
Gold:   28         SH:  0    Dex: 11    Spells: 8/9 levels left

rFire   . . .      SeeInvis .   l - +3 short sword
rCold   . . .      Faith    .   (no shield)
rNeg    . . .      Spirit   .   (body armour unavailable)
rPois   .          Reflect  .   (helmet restricted)
rElec   .          Harm     .   (no cloak)
rCorr   .          Rampage  .   b - +0 pair of gloves
Will    .....                   (no boots)
Stlth   ++........              (no amulet)
HPRegen 0.11/turn               (no ring)
MPRegen 0.11/turn               (no ring)

@: on berserk cooldown, slowed, very slow
A: AC +5, unfitting armour, cold-blooded
a: no special abilities


You were on level 2 of the Dungeon.
You visited 1 branch of the dungeon, and saw 2 of its levels.

You collected 28 gold pieces.

Inventory:

Hand Weapons
 l - a +3 short sword (weapon)
Missiles
 d - 18 stones
 i - a throwing net
Armour
 b - a +0 pair of gloves (worn)
Jewellery
 k - a ring of ice
Scrolls
 h - a scroll of immolation
Potions
 a - a potion of magic
 e - a potion of ambrosia
 g - a potion of lignification {unknown}
 j - a potion of flight {unknown}


   Skills:
 - Level 1.7 Dodging
 - Level 1.7 Stealth
 - Level 3.0 Spellcasting
 + Level 2.6 Conjurations
 + Level 3.9 Air Magic


You had 8 spell levels left.
You knew the following spells:

 Your Spells              Type           Power      Damage    Failure   Level
a - Shock                 Conj/Air       52%        1d6       4%          1

Your spell library contained the following spells:

 Spells                   Type           Power      Damage    Failure   Level
 Static Discharge         Conj/Air       13%        3-5/arc   7%          2
 Swiftness                Air            16%        N/A       11%         3
 Airstrike                Air            8%         2d(2-18)  34%         4


Dungeon Overview and Level Annotations

Branches:
Dungeon (2/15)

Altars:


Innate Abilities, Weirdness & Mutations

Your plain brown scales are hard. (AC +5)
You cannot fit into any form of body armour.
You are cold-blooded and may be slowed by cold attacks.


Message History

A ball python comes into view.
A jackal comes into view.
The zap misses the jackal.
The jackal barks!
The ball python hisses angrily.
You hear an angry hiss.
The jackal closely misses you. The jackal bites you.
You barely miss the jackal.
The jackal bites you but does no damage.
The jackal bites you.
You hit the jackal.
The jackal is heavily wounded.
The jackal barely misses you. The jackal misses you.
A ball python comes into view.
You hit the jackal.
You kill the jackal!
The ball python misses you. The ball python grabs you.
The ball python constricts you.
The ball python bites you but does no damage.
The ball python bites you. The ball python constricts you.
The zap hits the ball python.
You kill the ball python!
The ball python misses you. The ball python barely misses you.
The ball python bites you but does no damage.
The ball python grabs you. The ball python constricts you.
You hit the ball python.
You kill the ball python!
A gnoll comes into view. It is wielding a +0 flail.
The gnoll shouts!
You hear an angry hiss.
The gnoll hits you with a +0 flail.
You see here a ball python corpse.
A gnoll is nearby!
A gnoll is nearby!
You hit the gnoll. You tail-slap the gnoll.
The gnoll is heavily wounded.
The gnoll hits you with a +0 flail.
You hit the gnoll.
The gnoll is almost dead.
The gnoll hits you with a +0 flail!
* * * LOW HITPOINT WARNING * * *
An adder comes into view.
The gnoll hits you with a +0 flail!
You die...

..# #..#)# S..#.#
#..#.# #..#.# ##..#$#
#. .....#.## .
..##g#..# #. #.##.@))##
#.##.######.####+#####
....# #.#.....<..# # ..
#..# #.#.#####..# ##
K...###..######.#.#
#..###.
.)†........†....#.#
#......
......#.#########.#
#...... .....
#...........#####.#####
....
###########.......# #


You could see a gnoll and an adder.

Vanquished Creatures
  3 gnolls (D:2)
  2 adders (D:2)
  A dart slug (D:2)
  4 endoplasms (D:1)
  2 giant cockroaches
  9 hobgoblins
  A jackal (D:2)
  6 kobolds
  2 quokkas (D:1)
  7 ball pythons
  3 bats (D:1)
  6 frilled lizards
  5 goblins
  4 rats (D:2)
55 creatures vanquished.

Notes
Turn   | Place    | Note
-------+----------+-------------------------------------------
     0 | D:1      | NinjaNoafa the Draconian Air Elementalist began the quest
                  | for the Orb.
     0 | D:1      | Reached XP level 1. HP: 14/14 MP: 3/3
   311 | D:1      | Reached XP level 2. HP: 20/20 MP: 1/5
   358 | D:1      | Found a faded altar of an unknown god.
   921 | D:1      | Reached XP level 3. HP: 26/26 MP: 2/7
  1692 | D:2      | Reached XP level 4. HP: 33/33 MP: 2/8
  1797 | D:2      | Slain by a gnoll

Illustrated notes

Levels and vault maps discovered:
D:1:      ebering_trefoil_3fold, layout_basic, hellmonk_ecumenical_altar_blasted
D:2:      layout_loops_ring, serial_shops, nicolae_shop_trees,
          grunt_ministairs_11, serial_bayou_pond_e, minmay_split_cup_large

Skill      XL: |  1  2  3 |
---------------+----------+-----
Spellcasting   | 3 |  3.0
Conjurations   | 2 |  2.6
Dodging        | |  1.7
Stealth        | |  1.7
Air Magic      | |  3.9

Action                   |  1- 3 |  4- 6 || total
-------------------------+-------+-------++-------
Melee: Unarmed           |    12 |       ||    12
       Tailslap          |     1 |     2 ||     3
       Short sword       |       |    12 ||    12
 Cast: Shock             |    86 |    13 ||    99
  Use: Scroll            |       |     2 ||     2
       Potion            |       |     1 ||     1
Armor: Skin              |    12 |     5 ||    17
Dodge: Dodged            |    29 |    13 ||    42
